 Dungeon Crawl Stone Soup version 0.20.1-1-g8b1a95d (webtiles) character file.

344 StigmataCrucible the Chopper (level 6, -5/56 HPs)
             Began as a Minotaur Chaos Knight on Sept 5, 2017.
             Slain by vatarom's ghost (7 damage)
             ... on level 4 of the Dungeon.
             The game lasted 00:14:21 (2717 turns).

StigmataCrucible the Chopper (MiCK)                 Turns: 2717, Time: 00:14:22

Health: -5/56      AC: 12    Str: 18    XL:     6   Next: 31%
Magic:  5/5        EV:  9    Int:  9    God:    Xom [..*...]
Gold:   83         SH:  0    Dex: 10    Spells: 5/5 levels left

rFire    . . .     SeeInvis .   e - +1 hand axe (freeze)
rCold    . . .     Gourm    .   (no shield)
rNeg     + . .     Faith    .   o - +0 pearl dragon scales
rPois    .         Spirit   .   (helmet restricted)
rElec    .         Reflect  .   (no cloak)
rCorr    .         Harm     .   u - +0 pair of gloves
MR       .....                  (no boots)
Stlth    ..........             (no amulet)
Regen    0.2/turn               j - ring of flight
MPRegen  0.1/turn               w - ring of wizardry

@: about to teleport
A: retaliatory headbutt, horns 2
a: Renounce Religion, Evoke Flight


You were on level 4 of the Dungeon.
You worshipped Xom.
You were a toy of Xom.
You were not hungry.

You visited 1 branch of the dungeon, and saw 4 of its levels.

You collected 83 gold pieces.

Inventory:

Hand Weapons
 a - a +0 hand axe of chaos
 d - a +0 flail
 e - a +1 hand axe of freezing (weapon)
 l - a +0 mace
Missiles
 q - 17 poisoned needles (quivered)
 r - 20 bolts
Armour
 b - a +2 leather armour
 g - a +0 scale mail
 o - +0 pearl dragon scales (worn)
 t - a +0 plate armour
 u - a +0 pair of gloves (worn)
 x - a +0 robe
Jewellery
 j - a ring of flight (left hand)
 w - a ring of wizardry (right hand)
Scrolls
 f - 3 scrolls of remove curse
 z - a scroll of enchant armour {unknown}
Potions
 h - a potion of resistance {unknown}
 i - a potion of invisibility {unknown}
 m - 3 potions of heal wounds {unknown}
 s - a potion of magic {unknown}
 v - a potion of flight {unknown}
Comestibles
 c - 4 chunks of flesh
 k - 2 royal jellies
 n - 4 meat rations
 p - 2 bread rations


   Skills:
 + Level 5.1 Fighting
 + Level 6.6 Axes
 + Level 3.9 Armour
 + Level 1.7 Dodging
 + Level 1.0 Stealth


You had 5 spell levels left.
You didn't know any spells.

Dungeon Overview and Level Annotations

Branches:
Dungeon (4/15)
 Temple: D:4-7

Altars:
Gozag
Yredelemnul

Annotations:
D:4 vatarom's ghost, amateur DrTm


Innate Abilities, Weirdness & Mutations

You reflexively headbutt those who attack you in melee.
You have a pair of horns on your head.


Message History

Vatarom's ghost is severely damaged.
Your bat closely misses vatarom's ghost.
Vatarom's ghost hits you!
* * * LOW HITPOINT WARNING * * *
You closely miss vatarom's ghost.
Vatarom's ghost is severely damaged.
Your bat barely misses vatarom's ghost.
Vatarom's ghost hits you but does no damage.
You barely miss vatarom's ghost.
Vatarom's ghost is severely damaged.
Your bat hits vatarom's ghost. Vatarom's ghost hits you.
* * * LOW HITPOINT WARNING * * *
Your bat closely misses vatarom's ghost.
You see here a scorpion corpse.
Okay, then.
As you read the scroll of teleportation, it crumbles to dust.
You feel strangely unstable.
Your bat barely misses vatarom's ghost.
Vatarom's ghost hits you!
You die...
Xom chortles!

###### #....# .
#$...# .. #....##...
#.!??.....
##########.........
##.........W@..#
.........).b...#
#..................
##...............#.#
#. #####.....##..###
#. ##....# ..# #.##
###....## #/.#
...#####....#.# ..#
...#.....##...#


You could see vatarom's ghost and a friendly bat.

Vanquished Creatures
  An ice beast (D:3)
  An ogre (D:4)
  A scorpion (D:4)
  An iguana (D:4)
  A gnoll (D:1)
  2 adders (D:2)
  3 worms (D:2)
  A dart slug (D:1)
  2 leopard geckos (D:2)
  6 orcs
  3 giant cockroaches
  2 hobgoblins (D:1)
  8 jackals
  A quokka (D:2)
  3 bats
  5 frilled lizards
  8 goblins
  3 kobolds
  7 rats
59 creatures vanquished.

Notes
Turn   | Place    | Note
-------+----------+-------------------------------------------
     0 | D:1      | StigmataCrucible the Minotaur Chaos Knight began the quest for the Orb.
     0 | D:1      | Reached XP level 1. HP: 19/19 MP: 0/0
    22 | D:1      | XOM: harmless Tloc miscast
   258 | D:1      | Reached XP level 2. HP: 27/27 MP: 1/1
   262 | D:1      | Reached skill level 4 in Axes
   352 | D:1      | XOM: silly message
   643 | D:1      | Reached XP level 3. HP: 34/34 MP: 2/2
   910 | D:2      | XOM: divination: detect items
  1172 | D:2      | XOM is BORED!
  1172 | D:2      | XOM: mild Tloc miscast
  1173 | D:2      | Noticed a spatial vortex
  1320 | D:2      | XOM: harmless Fire miscast
  1509 | D:2      | Reached XP level 4. HP: 31/41 MP: 3/3
  1582 | D:3      | Noticed an ice beast
  1588 | D:3      | XOM: potion effect (invisibility)
  1593 | D:3      | Killed an ice beast
  1593 | D:3      | Reached skill level 5 in Axes
  1593 | D:3      | Reached XP level 5. HP: 29/47 MP: 4/4
  1639 | D:3      | Found an opulent altar of Gozag.
  1729 | D:3      | XOM: harmless Hex miscast
  1876 | D:3      | XOM: harmless Air miscast
  2307 | D:3      | XOM: harmless Conj miscast
  2323 | D:3      | Found a basalt altar of Yredelemnul.
  2584 | D:4      | Reached skill level 6 in Axes
  2605 | D:4      | Noticed an ogre
  2613 | D:4      | Killed an ogre
  2613 | D:4      | Reached skill level 5 in Fighting
  2613 | D:4      | Reached XP level 6. HP: 3/56 MP: 5/5
  2680 | D:4      | Noticed vatarom's ghost (amateur DrTm)
  2697 | D:4      | XOM: cast spell 'Summon Small Mammal'
  2706 | D:4      | Reached skill level 1 in Stealth
  2715 | D:4      | HP: 2/56 [vatarom's ghost (6)]
  2717 | D:4      | Slain by vatarom's ghost

Skill      XL: |  1  2  3  4  5  6 |
---------------+-------------------+-----
Axes           | 4 5 6 |  6.6
Fighting       | 4 5 |  5.1
Armour         | 3 |  3.9
Stealth        | 1 |  1.0
Dodging        | |  1.7

Action                   |  1- 3 |  4- 6 || total
-------------------------+-------+-------++-------
Melee: Hand axe          |    73 |    60 ||   133
       Headbutt          |     9 |    15 ||    24
  Use: Scroll            |     5 |     3 ||     8
 Stab: Invisible         |       |     1 ||     1
  Eat: Bread ration      |     1 |     1 ||     2
Armor: Leather armour    |     7 |       ||     7
       Scale mail        |     7 |       ||     7
       Pearl dragon scal |    17 |    36 ||    53
Dodge: Dodged            |    37 |    32 ||    69
